 Dungeon Crawl Stone Soup version 0.17-a0-18-gc25b939 (console) character file.

13330 MrRokkomies the Fencer (level 11, -3/77 HPs)
             Began as a High Elf Warper on Mar 7, 2015.
             Was an Elder of Okawaru.
             Slain by a black mamba (7 damage)
             ... on level 3 of the Lair of Beasts.
             The game lasted 01:18:39 (16729 turns).

MrRokkomies the Fencer (High Elf Warper)           Turns: 16729, Time: 01:18:39

Health: -3/77      AC: 16    Str: 10    XL:     11   Next: 74%
Magic:  22/22      EV: 15    Int: 22    God:    Okawaru [****..]
Gold:   596        SH:  0    Dex: 14    Spells: 6 memorised, 1 level left

rFire  + . .     SeeInvis .     a - +0 scimitar
rCold  . . .     Clarity  .     l - +2 leather armour {rPois}
rNeg   + . .     SustAb   .     (no shield)
rPois  +         Gourm    +     j - +0 helmet
rElec  .         Spirit   .     I - +0 cloak "Fearueq" {rPois rF+ rN+}
rCorr  .         Warding  .     y - +0 pair of gloves
rMut   .         Stasis   .     F - +0 pair of boots
MR     +....                    C - amulet of the gourmand
Stlth  +.........               t - +3 ring of protection
                                G - +3 ring of protection

@: lethally poisoned (-3 -> -24), very slightly contaminated, somewhat resistant
to hostile enchantments, very unstealthy
A: icy blue scales 1
a: Heroism, Renounce Religion


You were on level 3 of the Lair of Beasts.
You worshipped Okawaru.
Okawaru was greatly pleased with you.
You were hungry.

You visited 3 branches of the dungeon, and saw 13 of its levels.
You also visited: Ossuary and Ice Cave.

You collected 999 gold pieces.
You spent 403 gold pieces at shops.

Inventory:

Hand weapons
 a - a +0 scimitar (weapon)
 b - a +0 shortbow
Missiles
 e - 41 poisoned arrows
 n - 9 arrows of flame
 o - 147 arrows
 H - 2 tomahawks (quivered)
 L - a throwing net
 O - 6 javelins of penetration
Armour
 j - a +0 helmet (worn)
 l - a +2 leather armour of poison resistance (worn)
 y - a +0 pair of gloves (worn)
 F - a +0 pair of boots (worn)
 I - the +0 cloak "Fearueq" (worn) {rPois rF+ rN+}
   (You bought it in a shop on level 8 of the Dungeon)

   It protects you from fire.
   It protects you from poison.
   It protects you from negative energy.
Jewellery
 p - an uncursed ring of invisibility
 t - a +3 ring of protection (right hand)
 u - an uncursed ring of ice
 z - an uncursed ring of see invisible
 B - the ring "Grudghonn" {+cTele rC- MR+ MP-9 Int+10 Stlth+}
   (You found it in an ice cave)

   [ring of teleport control]

   It can be evoked for teleport control.
   It affects your intelligence (+10).
   It makes you vulnerable to cold.
   It affects your resistance to hostile enchantments.
   It affects your magic capacity (-9).
   It makes you more stealthy.
 C - an amulet of the gourmand (around neck)
 D - an uncursed ring of positive energy
 G - a +3 ring of protection (left hand)
 J - an uncursed amulet of resist mutation
Magical devices
 i - a wand of confusion (22)
 E - a wand of disintegration (11)
Scrolls
 d - 4 scrolls of blinking
 k - 2 scrolls of remove curse
 s - 3 scrolls of amnesia
 v - a scroll of recharging
 A - 2 scrolls of immolation
 M - 2 scrolls of teleportation
Potions
 h - a potion of might
 m - 2 potions of brilliance
 x - a potion of cancellation
 K - a potion of restore abilities
Books
 c - a book of Necromancy

   Spells                             Type                      Level
   a - Pain                           Necromancy                   1
   b - Animate Skeleton               Necromancy                   1
   c - Vampiric Draining              Necromancy                   3
   d - Regeneration                   Charms/Necromancy            3
   e - Animate Dead                   Necromancy                   4
   f - Control Undead                 Necromancy                   4
 g - a Grand Grimoire {highlevel, unknown}

   This book is beyond your current level of understanding.

   Spells                             Type                      Level
   a - Aura of Abjuration             Summoning                    6
   b - Summon Greater Demon           Summoning                    7
   c - Malign Gateway                 Summoning/Translocation      7
   d - Summon Horrible Things         Summoning                    8
Comestibles
 f - 12 bread rations
 q - 8 beef jerkies
 w - 2 meat rations
 N - a slice of pizza


   Skills:
 - Level 8.0 Fighting
 * Level 15.4 Long Blades
 * Level 11.7 Bows
 - Level 1.1 Throwing
 - Level 0.8 Armour
 - Level 7.0 Dodging
 - Level 2.4 Spellcasting
 - Level 3.2 Translocations


You had one spell level left.
You knew the following spells:

 Your Spells              Type           Power        Failure   Level  Hunger
a - Apportation           Tloc           ###.......   6%          1    None
b - Blink                 Tloc           N/A          10%         2    ##.....
c - Shroud of Golubria    Chrm/Tloc      #.........   17%         2    ##.....
d - Portal Projectile     Tloc           ###...       17%         3    ###....
e - Passage of Golubria   Tloc           N/A          56%         4    ####...
f - Animate Skeleton      Necr           N/A          21%         1    None


Dungeon Overview and Level Annotations

Branches:
Dungeon (9/15)             Temple (1/1) D:7            Lair (3/8) D:8
  Swamp: Lair:3-6    Shoals: Lair:3-6     Snake: Lair:3-6    Spider: Lair:3-6
    Orc: D:9-12

Altars:
Ashenzari
Cheibriados
Dithmenos
Elyvilon
Fedhas
Gozag
Kikubaaqudgha
Makhleb
Nemelex Xobeh
Okawaru
Qazlal
Ru
Sif Muna
Trog
Vehumet
Xom
Yredelemnul
Zin
The Shining One

Shops:
D:4 :   D:5 }   D:8 [

Annotations:
D:4 Prince Ribbit


Innate Abilities, Weirdness & Mutations

You are partially covered in icy blue scales (AC +1).


Message History

Strange energies run through your body.
You feel sick. The black mamba bites you.
* * * LOW HITPOINT WARNING * * *
Drink which item? (? for menu, Esc to quit)
It was a potion of magic.
Magic courses through your body.
* * * LOW HITPOINT WARNING * * *
You feel sick. The black mamba bites you!
* * * LOW HITPOINT WARNING * * *
The black mamba misses you.
Read which item? (? for menu, Esc to quit)
Okay, then.
Unknown command.
Drink which item? (? for menu, Esc to quit)
Okay, then.
Unknown command.
You closely miss the black mamba.
The black mamba is moderately wounded.
* * * LOW HITPOINT WARNING * * *
You feel sick. The black mamba bites you!
You die...

### ####.# #
...##.P?.#.##..#.
........@..<.....
.......%S........
#####..(....P.#
###....###.
#(.P## ##..# P..
P(.. #


You could see a black mamba.

Vanquished Creatures
  Gastronok (Lair:2)
  Harold (Lair:2)
  A hydra (Lair:2)
  2 ice statues (IceCv)
  Pikel (D:5)
  A black mamba (Lair:1)
  Joseph (D:7)
  A spiny frog (Lair:1)
  2 komodo dragons
  Grinder (D:4)
  A trapdoor spider (D:9)
  A wyvern (D:8)
  A basilisk (Lair:1)
  Eustachio (D:5)
  2 hippogriffs
  2 wargs (D:8)
  Edmund (D:8)
  5 porcupines
  4 orc warriors
  2 slaves (D:5)
  A sky beast (D:9)
  24 ice beasts
  A black bear (D:7)
  6 ogres
  3 crocodiles
  Sigmund (D:5)
  A centaur (D:7)
  A wyvern zombie (D:7)
  4 giant frogs
  2 jellies
  2 scorpions
  3 wights (D:9)
  A quasit (D:7)
  A goliath beetle (D:6)
  3 crimson imps (D:9)
  6 hounds
  A centaur zombie (Ossuary)
  A giant frog skeleton (D:7)
  9 orc priests
  2 human zombies (Ossuary)
  2 iguanas (D:9)
  3 worker ants
  6 orc wizards
  5 sheep (Lair:2)
  3 big kobold zombies (Ossuary)
  A hound zombie (D:5)
  6 mummies
  Robin (D:4)
  14 adders
  20 river rats
  3 gnolls (D:2)
  3 shadow imps
  2 giant mites
  2 worms (D:2)
  An adder skeleton (D:8)
  7 giant geckos
  An ooze (D:4)
  14 orcs
  14 bats
  3 giant cockroaches
  29 goblins
  18 hobgoblins
  22 jackals
  2 ball pythons
  4 giant newts
  A goblin zombie (Ossuary)
  14 kobolds
  An orc zombie (Ossuary)
  4 quokkas
  17 rats
  3 ballistomycetes (D:8)
331 creatures vanquished.

Vanquished Creatures (others)
  A jelly (D:5)
  An adder (D:5)
  A giant spore (D:8)
3 creatures vanquished.

Grand Total: 334 creatures vanquished

Notes
Turn   | Place    | Note
--------------------------------------------------------------
     0 | D:1      | MrRokkomies, the High Elf Warper, began the quest for the Orb.
     0 | D:1      | Reached XP level 1. HP: 14/14 MP: 4/4
   291 | D:1      | Reached XP level 2. HP: 17/19 MP: 6/6
   295 | D:1      | Learned a level 2 spell: Blink
   298 | D:1      | Learned a level 2 spell: Shroud of Golubria
  1441 | D:1      | Reached XP level 3. HP: 22/24 MP: 5/8
  1875 | D:2      | Reached skill level 4 in Long Blades
  1955 | D:2      | Reached XP level 4. HP: 21/29 MP: 11/11
  2147 | D:2      | Found a white marble altar of Elyvilon.
  2897 | D:3      | Found a bloodstained altar of Trog.
  3240 | D:3      | Noticed an orc warrior
  3381 | D:2      | Reached skill level 5 in Long Blades
  3381 | D:2      | Reached XP level 5. HP: 17/34 MP: 12/12
  3694 | D:2      | Found a shimmering altar of Xom.
  4184 | D:4      | Noticed an ogre
  4202 | D:4      | Killed an ogre
  4202 | D:4      | Reached skill level 5 in Dodging
  4202 | D:4      | Reached XP level 6. HP: 10/39 MP: 15/15
  4550 | D:4      | Reached skill level 6 in Long Blades
  4794 | D:4      | Found Cebrat's Book Shoppe.
  5077 | D:4      | Learned a level 3 spell: Portal Projectile
  5092 | D:4      | Noticed Grinder
  5120 | D:4      | Killed Grinder
  5120 | D:4      | Reached skill level 7 in Long Blades
  5120 | D:4      | Reached XP level 7. HP: 31/45 MP: 17/17
  5323 | D:4      | Noticed Robin
  5343 | D:4      | Killed Robin
  5450 | D:5      | Entered Level 5 of the Dungeon
  5464 | D:5      | Found a sand-covered staircase.
  5473 | Ossuary  | Entered an ossuary
  5970 | D:5      | Noticed Prince Ribbit
  6175 | D:5      | Reached skill level 8 in Long Blades
  6178 | D:5      | Found Okiesk's Gadget Emporium.
  6191 | D:5      | Found a bloodstained altar of Trog.
  6384 | D:5      | Noticed Pikel
  6450 | D:5      | Killed Pikel
  6450 | D:5      | Reached skill level 9 in Long Blades
  6450 | D:5      | Reached XP level 8. HP: 32/54 MP: 18/18
  6547 | D:5      | Noticed Sigmund
  6566 | D:5      | Killed Sigmund
  6572 | D:5      | Noticed Eustachio
  6647 | D:5      | Killed Eustachio
  6824 | D:5      | Reached skill level 5 in Fighting
  6905 | D:5      | Found a white marble altar of Elyvilon.
  6906 | D:5      | Found a glowing silver altar of Zin.
  6907 | D:5      | Found a glowing golden altar of the Shining One.
  7643 | D:6      | Reached skill level 10 in Long Blades
  8227 | D:7      | Reached XP level 9. HP: 53/62 MP: 20/20
  8325 | D:7      | Noticed Joseph
  8352 | D:7      | Killed Joseph
  8539 | D:7      | Gained mutation: You are partially covered in icy blue scales (AC +1). [potion of beneficial mutation]
  8603 | D:7      | Found a staircase to the Ecumenical Temple.
  8608 | Temple   | Entered the Ecumenical Temple
  8823 | Temple   | Became a worshipper of Warmaster Okawaru
  8960 | D:7      | Found a burning altar of Makhleb.
  8964 | D:7      | Found a snail-covered altar of Cheibriados.
  8965 | D:7      | Found a shadowy altar of Dithmenos.
  8965 | D:7      | Found an ancient bone altar of Kikubaaqudgha.
  8970 | D:7      | Found a sacrificial altar of Ru.
  9336 | D:7      | Reached skill level 11 in Long Blades
  9913 | D:8      | Noticed Edmund
  9927 | D:8      | Killed Edmund
 10735 | D:8      | Acquired Okawaru's first power
 10735 | D:8      | Reached skill level 1 in Bows
 10743 | D:8      | Found a staircase to the Lair.
 10830 | D:8      | Reached skill level 12 in Long Blades
 10895 | D:8      | Reached XP level 10. HP: 58/72 MP: 21/21
 11215 | D:8      | Found a stormy altar of Qazlal.
 11399 | D:8      | Found Cliossutt's Armour Emporium.
 11402 | D:8      | Bought the +0 cloak "Fearueq" {rPois rF+ rN+} for 403 gold pieces
 11564 | D:8      | Learned a level 4 spell: Passage of Golubria
 11782 | D:9      | Reached skill level 5 in Bows
 11841 | D:9      | Identified a scroll of acquirement
 12498 | Lair:1   | Entered Level 1 of the Lair of Beasts
 12525 | Lair:1   | Learned a level 1 spell: Animate Skeleton
 12575 | Lair:1   | Noticed a black mamba
 12607 | Lair:1   | Killed a black mamba
 12607 | Lair:1   | Reached skill level 13 in Long Blades
 13109 | Lair:1   | Received a gift from Okawaru
 13576 | Lair:2   | Noticed a six-headed hydra
 13689 | Lair:2   | Found a frozen archway.
 13745 | Lair:2   | Reached XP level 11. HP: 74/77 MP: 22/22
 13761 | Lair:2   | Reached skill level 14 in Long Blades
 13776 | IceCv    | Entered an ice cave
 14005 | IceCv    | Noticed an ice statue
 14005 | IceCv    | Noticed an ice statue
 14021 | IceCv    | Killed an ice statue
 14021 | IceCv    | Reached skill level 10 in Bows
 14039 | IceCv    | Killed an ice statue
 14321 | IceCv    | Noticed an ice dragon
 15036 | IceCv    | Noticed an ice dragon
 15042 | IceCv    | Got a translucent bone ring
 15103 | Lair:2   | Identified the ring "Grudghonn" {+cTele rC- MR+ MP-9 Int+10 Stlth+} (You found it in an ice cave)
 15389 | Lair:2   | Received a gift from Okawaru
 15397 | Lair:2   | Noticed Gastronok
 15716 | Lair:2   | Killed Gastronok
 15716 | Lair:2   | Received a gift from Okawaru
 15716 | Lair:2   | Reached skill level 15 in Long Blades
 15974 | Lair:2   | Killed a six-headed hydra
 16175 | Lair:2   | Noticed Harold
 16229 | Lair:2   | Killed Harold
 16229 | Lair:2   | Received a gift from Okawaru
 16729 | Lair:3   | Slain by a black mamba

Action                   |  1- 3 |  4- 6 |  7- 9 | 10-12 || total
-------------------------+-------+-------+-------+-------++-------
Melee: Falchion          |   170 |   187 |       |       ||   357
       Long sword        |       |    98 |   162 |       ||   260
       Scimitar          |       |       |   449 |   586 ||  1035
       Unarmed           |       |       |    11 |       ||    11
 Fire: Hunting sling     |     7 |    39 |     5 |       ||    51
       Blowgun           |       |       |    62 |    17 ||    79
       Shortbow          |       |       |       |   135 ||   135
Throw: Tomahawk          |       |     5 |       |       ||     5
 Cast: Shroud of Golubri |     9 |    12 |    29 |    19 ||    69
       Blink             |       |       |     9 |    30 ||    39
Invok: Heroism           |       |       |       |     1 ||     1
Evoke: Wand              |       |       |       |     2 ||     2
  Use: Scroll            |     3 |     9 |    12 |     8 ||    32
       Potion            |       |     5 |     6 |     4 ||    15
 Stab: Sleeping          |       |     2 |       |     1 ||     3
  Eat: Chunk             |     4 |    11 |    17 |    11 ||    43
       Pizza             |       |       |     2 |       ||     2
       Beef jerky        |       |       |     1 |       ||     1
       Fruit             |       |       |       |     6 ||     6
       Meat ration       |       |       |       |     1 ||     1
